TOP OF THE 1ST |
Staten Island Yankees batting - Pitching for Tri-City ValleyCats : RHP Brandon Goltz
|
Pitching: RHP Brandon Goltz
|
|
Batting: LHB Scooter Jordan
|
0-0: Ball 1-0: Ball 2-0: Called Strike 2-1: Bunt for hit to 23 - play at first, batter safe!
|
Batting: SHB Matt Matulia
|
0-0: Fly out, F8 (Flyball, 8RD, EV 101.3 MPH)
|
Batting: RHB Dennis Diaz
|
0-0: Ball Scooter Jordan steals 2nd base 1-0: Ball 2-0: Called Strike 2-1: Reached on error, E4 (Groundball, 34, EV 81.9 MPH) Scooter Jordan to third
|
Batting: RHB Dominique Partridge
|
0-0: Foul Ball, location: 2F 0-1: Called Strike 0-2: Strikes out swinging
|
Batting: SHB Florentino Nunez
|
0-0: Foul Ball, location: 2F 0-1: Called Strike 0-2: Ball 1-2: Ball 2-2: Ball 3-2: Strikes out looking
|
Top of the 1st over - 0 runs, 1 hit, 1 error, 2 left on base; Staten Island 0 - Tri-City 0 |
BOTTOM OF THE 1ST |
Tri-City ValleyCats batting - Pitching for Staten Island Yankees : RHP Alejandro Limas
|
Pitching: RHP Alejandro Limas
|
|
Batting: RHB Albert Laboy
|
0-0: Ball 1-0: Ball 2-0: Ball 3-0: Base on Balls
|
Batting: RHB Andres Banegas
|
0-0: Bunt missed! 0-1: Bunted foul 0-2: Ball 1-2: Ground out 4-3 (Groundball, 34S, EV 85.0 MPH) Albert Laboy to second
|
Batting: SHB Julio Gonzalez
|
0-0: Ball 1-0: Ball 2-0: Ball 3-0: Called Strike 3-1: Fly out, F6 (Popup, 4MD, EV 43.8 MPH)
|
Batting: RHB Ryan Curry
|
0-0: Ball 1-0: Ball 2-0: Ball 3-0: Called Strike 3-1: Base on Balls
|
Batting: LHB Trent D'Antonio
|
0-0: Ball 1-0: Called Strike 1-1: SINGLE (Line Drive, 89M, EV 106.3 MPH) Albert Laboy to third Ryan Curry to second
|
Batting: RHB Jesus Emeterio Lopez
|
0-0: Called Strike 0-1: Swinging Strike 0-2: Ball 1-2: Ball 2-2: Strikes out swinging
|
Bottom of the 1st over - 0 runs, 1 hit, 0 errors, 3 left on base; Staten Island 0 - Tri-City 0 |
TOP OF THE 2ND |
Staten Island Yankees batting - Pitching for Tri-City ValleyCats : RHP Brandon Goltz
|
Batting: LHB Clifton Remole
|
0-0: Ball 1-0: Ball 2-0: Foul Ball, location: 2F 2-1: SINGLE (Groundball, 3S, EV 70.0 MPH) (infield hit)
|
Batting: RHB Mike Scanzano
|
0-0: Swinging Strike 0-1: Ball 1-1: Ball 2-1: Called Strike 2-2: Foul Ball, location: 2F 2-2: Strikes out swinging
|
Batting: RHB Nestor Corredor
|
0-0: Called Strike 0-1: Foul Ball, location: 25F 0-2: Fly out, F4 (Popup, 4S, EV 74.4 MPH)
|
Batting: LHB Dave Cruz
|
0-0: Ball 1-0: Ball 2-0: Ball 3-0: Fly out, F8 (Flyball, 8RS, EV 95.0 MPH)
|
Top of the 2nd over - 0 runs, 1 hit, 0 errors, 1 left on base; Staten Island 0 - Tri-City 0 |
BOTTOM OF THE 2ND |
Tri-City ValleyCats batting - Pitching for Staten Island Yankees : RHP Alejandro Limas
|
Batting: LHB Israel Ochoa
|
0-0: Swinging Strike 0-1: Ball 1-1: Called Strike 1-2: Fly out, F9 (Flyball, 9D, EV 95.0 MPH)
|
Batting: RHB Rob Marconi
|
0-0: Called Strike 0-1: Fly out, F8 (Flyball, 8RD, EV 105.6 MPH)
|
Batting: RHB Valentin Mendez
|
0-0: SINGLE (Flyball, 6MD, EV 93.1 MPH)
|
Batting: RHB Albert Laboy
|
0-0: Called Strike Valentin Mendez steals 2nd base 0-1: Ball 1-1: Fly out, F7 (Flyball, 7S, EV 96.9 MPH)
|
Bottom of the 2nd over - 0 runs, 1 hit, 0 errors, 1 left on base; Staten Island 0 - Tri-City 0 |
TOP OF THE 3RD |
Staten Island Yankees batting - Pitching for Tri-City ValleyCats : RHP Brandon Goltz
|
Batting: LHB Scooter Jordan
|
0-0: SINGLE (Groundball, 6MD, EV 96.3 MPH)
|
Batting: SHB Matt Matulia
|
0-0: Ball 1-0: Ball 2-0: Sac Bunt to 23 - play at first, batter OUT! 3-4 Scooter Jordan to second
|
Batting: RHB Dennis Diaz
|
0-0: Ball 1-0: Foul Ball, location: 2F 1-1: Swinging Strike 1-2: Foul Ball, location: 25FF 1-2: Strikes out swinging
|
Batting: RHB Dominique Partridge
|
0-0: Called Strike 0-1: Called Strike 0-2: Ball 1-2: Ball 2-2: Strikes out swinging
|
Top of the 3rd over - 0 runs, 1 hit, 0 errors, 1 left on base; Staten Island 0 - Tri-City 0 |
BOTTOM OF THE 3RD |
Tri-City ValleyCats batting - Pitching for Staten Island Yankees : RHP Alejandro Limas
|
Batting: RHB Andres Banegas
|
0-0: Called Strike 0-1: Called Strike 0-2: Strikes out swinging
|
Batting: SHB Julio Gonzalez
|
0-0: Ball 1-0: Ground out U3 (Groundball, 3, EV 84.4 MPH)
|
Batting: RHB Ryan Curry
|
0-0: Foul Ball, location: 3DF 0-1: Ball 1-1: Fly out, F8 (Line Drive, 8LS, EV 110.0 MPH)
|
Bottom of the 3rd over - 0 runs, 0 hits, 0 errors, 0 left on base; Staten Island 0 - Tri-City 0 |
TOP OF THE 4TH |
Staten Island Yankees batting - Pitching for Tri-City ValleyCats : RHP Brandon Goltz
|
Batting: SHB Florentino Nunez
|
0-0: Ball 1-0: Swinging Strike 1-1: Ball 2-1: Ball 3-1: Foul Ball, location: 2F 3-2: Foul Ball, location: 9LMF 3-2: Foul Ball, location: 7LSF 3-2: Base on Balls
|
Batting: LHB Clifton Remole
|
0-0: Fly out, F6 (Popup, 6, EV 63.8 MPH)
|
Batting: RHB Mike Scanzano
|
0-0: Fly out, F6 (Popup, 56D, EV 55.6 MPH)
|
Batting: RHB Nestor Corredor
|
0-0: Called Strike 0-1: Swinging Strike 0-2: Strikes out swinging
|
Top of the 4th over - 0 runs, 0 hits, 0 errors, 1 left on base; Staten Island 0 - Tri-City 0 |
BOTTOM OF THE 4TH |
Tri-City ValleyCats batting - Pitching for Staten Island Yankees : RHP Alejandro Limas
|
Batting: LHB Trent D'Antonio
|
0-0: Called Strike 0-1: Ball 1-1: Ball 2-1: Foul Ball, location: 2F 2-2: Reached on error, E6 (Groundball, 6S, EV 88.8 MPH)
|
Batting: RHB Jesus Emeterio Lopez
|
0-0: SINGLE (Groundball, 3D, EV 96.3 MPH) Trent D'Antonio to second
|
Batting: LHB Israel Ochoa
|
0-0: Called Strike 0-1: Called Strike 0-2: Strikes out looking
|
Batting: RHB Rob Marconi
|
0-0: Called Strike 0-1: Ball 1-1: Called Strike 1-2: Ball 2-2: Fielders Choice at 2nd, 4-6 (Groundball, 4, EV 85.6 MPH) Trent D'Antonio to third
|
Batting: RHB Valentin Mendez
|
0-0: Ball 1-0: Fly out, F6 (Line Drive, 6, EV 68.1 MPH)
|
Bottom of the 4th over - 0 runs, 1 hit, 1 error, 2 left on base; Staten Island 0 - Tri-City 0 |
TOP OF THE 5TH |
Staten Island Yankees batting - Pitching for Tri-City ValleyCats : RHP Brandon Goltz
|
Batting: LHB Dave Cruz
|
0-0: Foul Ball, location: 5F 0-1: Swinging Strike 0-2: Fly out, F8 (Flyball, 8RD, EV 83.8 MPH)
|
Batting: LHB Scooter Jordan
|
0-0: Ball 1-0: Called Strike 1-1: Foul Ball, location: 2F 1-2: Foul Ball, location: 23F 1-2: SOLO HOME RUN (Flyball, 8RXD, EV 106.9 MPH), Distance : 419 ft
|
Batting: SHB Matt Matulia
|
0-0: Fly out, F9 (Flyball, 9D, EV 110.0 MPH)
|
Batting: RHB Dennis Diaz
|
0-0: Ball 1-0: Called Strike 1-1: Ball 2-1: Ball 3-1: Swinging Strike 3-2: Base on Balls
|
Batting: RHB Dominique Partridge
|
0-0: Foul Ball, location: 3SF 0-1: Swinging Strike 0-2: Strikes out swinging
|
Top of the 5th over - 1 run, 1 hit, 0 errors, 1 left on base; Staten Island 1 - Tri-City 0 |
BOTTOM OF THE 5TH |
Tri-City ValleyCats batting - Pitching for Staten Island Yankees : RHP Alejandro Limas
|
Batting: RHB Albert Laboy
|
0-0: Ball 1-0: Fly out, F3 (Line Drive, 34, EV 63.8 MPH)
|
Batting: RHB Andres Banegas
|
0-0: Ball 1-0: Ball 2-0: Fly out, F8 (Line Drive, 8LS, EV 96.3 MPH)
|
Batting: SHB Julio Gonzalez
|
0-0: Ball 1-0: Ball 2-0: SINGLE (Groundball, 4MD, EV 109.4 MPH)
|
Batting: RHB Ryan Curry
|
0-0: Ball 1-0: Called Strike Pickoff Throw to First - Out! 1-3
|
Bottom of the 5th over - 0 runs, 1 hit, 0 errors, 0 left on base; Staten Island 1 - Tri-City 0 |
TOP OF THE 6TH |
Staten Island Yankees batting - Pitching for Tri-City ValleyCats : RHP Brandon Goltz
|
Batting: SHB Florentino Nunez
|
0-0: Called Strike 0-1: Called Strike 0-2: SINGLE (Line Drive, 56D, EV 95.6 MPH)
|
Batting: LHB Clifton Remole
|
0-0: Ball 1-0: Called Strike 1-1: Ball 2-1: Ball 3-1: Fly out, F6 (Line Drive, 6MD, EV 68.1 MPH)
|
Batting: RHB Mike Scanzano
|
0-0: Called Strike 0-1: Ball 1-1: Ball 2-1: Fly out, F6 (Popup, 6MS, EV 70.0 MPH)
|
Batting: RHB Nestor Corredor
|
0-0: Foul Ball, location: 2F 0-1: Ball 1-1: DOUBLE (Flyball, 89XD, EV 93.8 MPH) Florentino Nunez to third
|
Batting: LHB Dave Cruz
|
0-0: Ball 1-0: Swinging Strike 1-1: Called Strike 1-2: Ball 2-2: Ball 3-2: SINGLE (Groundball, 34D, EV 104.4 MPH) Florentino Nunez scores Nestor Corredor to third
|
Batting: LHB Scooter Jordan
|
0-0: Ball 1-0: Called Strike 1-1: Ball 2-1: Swinging Strike 2-2: Ball 3-2: Strikes out swinging
|
Top of the 6th over - 1 run, 3 hits, 0 errors, 2 left on base; Staten Island 2 - Tri-City 0 |
BOTTOM OF THE 6TH |
Tri-City ValleyCats batting - Pitching for Staten Island Yankees : RHP Alejandro Limas
|
Batting: RHB Ryan Curry
|
0-0: Called Strike 0-1: Ball 1-1: Ball 2-1: SINGLE (Groundball, 56D, EV 95.0 MPH)
|
Batting: LHB Trent D'Antonio
|
0-0: Called Strike 0-1: Ball 1-1: Foul Ball, location: 2LF 1-2: Ball 2-2: SINGLE (Line Drive, 9LS, EV 100.6 MPH) Ryan Curry to second
|
Pitching: LHP Chris Tierney
|
|
Batting: RHB Jesus Emeterio Lopez
|
0-0: Foul Ball, location: 9LMF 0-1: Ball 1-1: Fly out, F8 (Flyball, 89M, EV 94.4 MPH)
|
Pinch Hitting: RHB Curt Rindal
|
0-0: Ball 1-0: Called Strike 1-1: Ball 2-1: Ball 3-1: Base on Balls Ryan Curry to third Trent D'Antonio to second
|
Batting: RHB Rob Marconi
|
0-0: Ball 1-0: Ball 2-0: Foul Ball, location: 2F 2-1: Ball 3-1: GRAND SLAM HOME RUN (Flyball, 78XD, EV 96.9 MPH), Distance : 393 ft
|
Batting: RHB Valentin Mendez
|
0-0: Ball 1-0: Called Strike 1-1: Fly out, F5 (Line Drive, 56, EV 61.9 MPH)
|
Batting: RHB Albert Laboy
|
0-0: Swinging Strike 0-1: Ball 1-1: Swinging Strike 1-2: Ball 2-2: Strikes out swinging
|
Bottom of the 6th over - 4 runs, 3 hits, 0 errors, 0 left on base; Staten Island 2 - Tri-City 4 |
TOP OF THE 7TH |
Staten Island Yankees batting - Pitching for Tri-City ValleyCats : RHP Brandon Goltz
|
Now at 1B: Manny Arambarris
|
|
Batting: SHB Matt Matulia
|
0-0: Ball 1-0: Called Strike 1-1: Foul Ball, location: 3F 1-2: Strikes out swinging
|
Batting: RHB Dennis Diaz
|
0-0: Ball 1-0: Called Strike 1-1: Ball 2-1: Ball 3-1: Base on Balls
|
Pitching: RHP Adam Gillihan
|
|
Batting: RHB Dominique Partridge
|
0-0: Called Strike Dennis Diaz is caught stealing 2nd base 2-4 0-1: Foul Ball, location: 2F 0-2: Ball 1-2: Ground out 1-3 (Groundball, 34S, EV 68.1 MPH)
|
Top of the 7th over - 0 runs, 0 hits, 0 errors, 0 left on base; Staten Island 2 - Tri-City 4 |
BOTTOM OF THE 7TH |
Tri-City ValleyCats batting - Pitching for Staten Island Yankees : LHP Chris Tierney
|
Batting: RHB Andres Banegas
|
0-0: Ball 1-0: Ball 2-0: Ground out 1-3 (Groundball, 34S, EV 74.4 MPH)
|
Batting: SHB Julio Gonzalez
|
0-0: SINGLE (Groundball, 6MD, EV 99.4 MPH)
|
Batting: RHB Ryan Curry
|
0-0: Called Strike 0-1: Called Strike 0-2: SINGLE (Line Drive, 34D, EV 106.3 MPH) Julio Gonzalez to second
|
Batting: LHB Trent D'Antonio
|
0-0: Fly out, F7 (Flyball, 7, EV 86.9 MPH)
|
Batting: RHB Jesus Emeterio Lopez
|
0-0: Called Strike 0-1: Ball 1-1: Ball 2-1: Foul Ball, location: 3DF 2-2: Foul Ball, location: 3F 2-2: Strikes out swinging
|
Bottom of the 7th over - 0 runs, 2 hits, 0 errors, 2 left on base; Staten Island 2 - Tri-City 4 |
TOP OF THE 8TH |
Staten Island Yankees batting - Pitching for Tri-City ValleyCats : RHP Adam Gillihan
|
Batting: SHB Florentino Nunez
|
0-0: Called Strike 0-1: Foul Ball, location: 5DF 0-2: Foul Ball, location: 5F 0-2: Ball 1-2: Strikes out swinging
|
Batting: LHB Clifton Remole
|
0-0: Ball 1-0: Ball 2-0: Called Strike 2-1: Swinging Strike 2-2: SINGLE (Groundball, 6, EV 83.8 MPH)
|
Pinch Hitting: LHB Chris Tuttle
|
0-0: Ball 1-0: Foul Ball, location: 2F 1-1: Ball 2-1: Foul Ball, location: 2F 2-2: Fielders Choice at 2nd, 1-6 (Groundball, 34S, EV 75.0 MPH)
|
Batting: RHB Nestor Corredor
|
0-0: Called Strike 0-1: Fly out, F6 (Popup, 6M, EV 51.9 MPH)
|
Top of the 8th over - 0 runs, 1 hit, 0 errors, 1 left on base; Staten Island 2 - Tri-City 4 |
BOTTOM OF THE 8TH |
Tri-City ValleyCats batting - Pitching for Staten Island Yankees : LHP Chris Tierney
|
Pitching: RHP Eric Krebs
|
|
Now at 2B: Michael Biguenet
|
|
Batting: RHB Manny Arambarris
|
0-0: Swinging Strike 0-1: Foul Ball, location: 3F 0-2: Strikes out swinging
|
Batting: RHB Rob Marconi
|
0-0: Called Strike 0-1: Ball 1-1: Ball 2-1: Fly out, F6 (Line Drive, 4M, EV 67.5 MPH)
|
Batting: RHB Valentin Mendez
|
0-0: Called Strike 0-1: Ball 1-1: Foul Ball, location: 2F 1-2: Strikes out looking
|
Bottom of the 8th over - 0 runs, 0 hits, 0 errors, 0 left on base; Staten Island 2 - Tri-City 4 |
TOP OF THE 9TH |
Staten Island Yankees batting - Pitching for Tri-City ValleyCats : RHP Adam Gillihan
|
Pitching: LHP Scott Maine
|
|
Now in LF: Brian Rooke
|
|
Batting: LHB Dave Cruz
|
0-0: Ball 1-0: Ball 2-0: Swinging Strike 2-1: Swinging Strike 2-2: Foul Ball, location: 2F 2-2: Foul Ball, location: 5F 2-2: Foul Ball, location: 9LMF 2-2: Strikes out swinging
|
Batting: LHB Scooter Jordan
|
0-0: Ball 1-0: Ball 2-0: Called Strike 2-1: Swinging Strike 2-2: SINGLE (Line Drive, 89S, EV 103.1 MPH)
|
Batting: SHB Matt Matulia
|
0-0: Called Strike 0-1: Foul Ball, location: 2F 0-2: Hit by Pitch Scooter Jordan to second
|
Batting: RHB Dennis Diaz
|
0-0: Foul Ball, location: 23F 0-1: Ball 1-1: Ball 2-1: Grounds out, U3 (Groundball, 3L, EV 87.5 MPH) Scooter Jordan to third
|
Batting: RHB Dominique Partridge
|
0-0: Foul Ball, location: 9LSF 0-1: Foul Ball, location: 9LMF 0-2: Ball 1-2: Fly out, F8 (Flyball, 8RD, EV 95.0 MPH)
|
Top of the 9th over - 0 runs, 1 hit, 0 errors, 2 left on base; Staten Island 2 - Tri-City 4 |
|